Map: Tours du crépuscule

Players

HankMoodyIV - Winner!

  • Race: Terran Terran
  • League: Silver
  • Spawn Location: 1:00

zidar

  • Race: Zerg Zerg
  • League: Silver
  • Spawn Location: 7:00

VOD

Have the link to the VOD?

Description

Time

  • Played on: Dec. 10, 2015, 8:25 a.m.
  • Length: 14:25
Show
View Real Time Build Order
Export as new Build Order

HankMoodyIV Terran - Winner!

Build Orders: 1/1/1 

Get SALT Encoding   

  12  0:01  SCV  
  13  0:13  SCV  
  14  0:18  Supply Depot  
  14  0:25  SCV  
  15  0:29  Refinery  
  15  0:39  SCV  
  16  0:46  Barracks  
  16  0:52  SCV  
  17  1:04  SCV  
  18  1:10  Supply Depot  
  18  1:16  SCV  
  19  1:28  SCV  
  20  1:40  SCV  
  20  1:41  Barracks Tech Lab  
  20  1:42  Factory  
  21  1:52  SCV  
  22  1:59  Marine  
  23  2:04  SCV  
  24  2:09  Refinery  
  24  2:16  SCV  
  24  2:18  Marauder  
  27  2:28  Starport  
  27  2:32  Supply Depot  
  27  2:36  Factory Tech Lab  
  27  2:38  SCV  
  27  2:44  Marauder  
  30  2:50  SCV  
  31  2:54  Supply Depot  
  31  3:02  SCV  
  31  3:04  Marine  
  33  3:10  Siege Tank  
  36  3:23  SCV  
  36  3:24  Marine  
  38  3:33  Barracks  
  38  3:35  SCV  
  39  3:41  Medivac  
  41  3:52  Command Center  
  41  3:56  Supply Depot  
  41  4:04  SCV  
  41  4:05  Engineering Bay  
  42  4:20  Marauder  
  42  4:23  Stimpack  
  44  4:25  Barracks Tech Lab  
  44  4:27  SCV  
  45  4:38  Terran Infantry Weapons Level 1  
  45  4:40  Refinery  
  45  4:41  Marauder  
  47  5:02  Marine, SCV  
  49  5:07  Siege Tank  
  52  5:14  SCV  
  52  5:18  Marauder  
  52  5:20  Marauder  
  52  5:21  Starport Tech Lab  
  57  5:26  SCV  
  58  5:31  Barracks  
  58  5:39  SCV, Orbital Command  
  58  5:40  Marauder  
  61  5:45  Liberator  
  61  5:53  Orbital Command  
  61  6:01  Refinery  
  64  6:16  SCV  
  65  6:20  SCV, Starport  
  66  6:29  SCV  
  66  6:32  Terran Infantry Armor Level 1  
  67  6:45  Banshee  
  70  6:57  Supply Depot  
  70  6:58  Supply Depot  
  70  7:07  Command Center  
  70  7:18  SCV x2  
  72  7:28  Medivac  
  74  7:55  Marine x2  
  74  7:57  Viking  
  74  7:58  Viking  
  77  8:13  Marine x2  
  77  8:19  Missile Turret  
  79  8:22  Missile Turret x2  
  79  8:24  Missile Turret  
  79  8:25  Missile Turret  
  79  8:27  Combat Shield, Viking  
  79  8:28  Viking  
  83  8:37  Marine, SCV x2  
  86  8:57  Viking  
  88  9:09  Siege Tank  
  91  9:13  Planetary Fortress, SCV  
  91  9:15  SCV  
  93  9:25  SCV  
  93  9:29  Medivac  
  100  9:31  Marauder x2  
  100  9:39  Armory  
  100  9:52  Siege Tank  
  86  9:59  Viking  
  78  10:13  SCV  
  77  10:16  Marine x2  
  77  10:18  Marauder  
  80  10:25  Concussive Shells, Barracks  
  80  10:29  Viking  
  80  10:35  Marauder  
  84  10:39  Marauder  
  86  10:48  Viking  
  88  10:56  Marauder, Refinery  
  90  10:59  Refinery, Medivac  
  90  11:00  Marine, Marauder  
  95  11:11  Barracks Tech Lab  
  95  11:17  Marauder  
  95  11:18  Marine, Medivac  
  100  11:31  Terran Ship Weapons Level 1  
  100  11:32  Terran Infantry Weapons Level 2  
  100  11:36  Marine, Armory  
  100  11:39  Supply Depot  
  101  11:40  Supply Depot x2  
  100  11:49  Viking  
  100  11:50  Marine  
  101  11:59  Marine  
  101  12:00  Marauder x2, Viking  
  104  12:08  Marine  
  105  12:17  Marine  
  105  12:18  Banshee  
  105  12:22  Marauder x2  
  111  12:30  Viking  
  113  12:43  Marauder x2  
  112  12:56  Marine x2  
  110  13:00  Viking  
  110  13:01  Banshee  
  110  13:04  Marine x2  
  112  13:19  Marine, Marauder  
  113  13:22  Marine, Marauder  
  116  13:30  Viking  
  118  13:34  SCV  
  118  13:35  SCV  
  118  13:37  Marine  
  118  13:40  Marine  
  118  13:41  Marauder  
  124  13:49  Command Center  
  124  13:51  Missile Turret  
  124  13:54  Marauder  
  124  13:55  Medivac  
  125  13:58  Marine x2  
  125  14:02  Marine  
  125  14:20  Missile Turret  
Show
View Real Time Build Order
Export as new Build Order

zidar Zerg 

Build Orders: Hatch First 

Get SALT Encoding   

  12  0:01  Drone  
  13  0:12  Overlord  
  13  0:17  Drone  
  14  0:30  Drone x2  
  14  0:34  Drone  
  17  0:54  Hatchery  
  17  0:56  Drone  
  17  1:05  Extractor  
  17  1:06  Drone  
  17  1:17  Spawning Pool  
  16  1:19  Drone  
  17  1:38  Drone  
  17  1:39  Drone  
  19  1:40  Overlord  
  19  1:55  Drone  
  20  2:05  Queen  
  20  2:07  Queen  
  24  2:14  Metabolic Boost  
  24  2:29  Drone  
  25  2:30  Baneling Nest  
  25  2:32  Drone  
  25  2:44  Zergling x4  
  25  2:45  Zergling x4  
  29  3:13  Drone x6  
  35  3:29  Lair  
  35  3:33  Extractor  
  34  3:35  Extractor  
  34  3:37  Extractor  
  32  3:46  Overlord x3  
  32  4:04  Queen  
  34  4:12  Baneling  
  34  4:13  Baneling  
  34  4:15  Zergling x2  
  34  4:16  Zergling x20  
  45  4:34  Drone x5  
  45  4:37  Drone  
  51  4:41  Drone  
  49  5:30  Spire  
  48  5:38  Hydralisk Den  
  47  5:42  Roach Warren  
  46  6:00  Centrifical Hooks  
  46  6:05  Drone x6  
  52  6:12  Overlord  
  52  6:13  Overlord  
  52  6:17  Overlord  
  52  6:46  Pneumatized Carapace  
  52  6:50  Drone x3  
  52  6:51  Drone  
  52  6:52  Drone  
  57  6:55  Corruptor  
  57  6:56  Corruptor  
  61  7:04  Drone x3  
  61  7:07  Drone  
  65  7:09  Drone  
  66  7:36  Corruptor  
  62  7:37  Corruptor  
  60  8:57  Overlord x2  
  60  8:58  Overlord  
  61  9:02  Zergling x2  
  61  9:03  Zergling x10  
  61  9:05  Baneling  
  61  9:06  Baneling x17  
  66  9:19  Roach  
  66  9:20  Roach x2  
  72  9:38  Hatchery  
  49  10:12  Mutalisk  
  49  10:13  Mutalisk x5  
  54  10:36  Zergling x2  
  54  10:37  Zergling x6  
  56  10:44  Queen  
  56  11:00  Queen  
  58  11:06  Drone x3  
  61  11:23  Evolution Chamber  
  60  11:29  Evolution Chamber  
  60  11:32  Zergling x2  
  60  11:33  Zergling x16  
  60  11:35  Baneling  
  60  11:36  Baneling x5  
  68  11:42  Drone x4  
  51  12:07  Mutalisk  
  51  12:08  Mutalisk x9  
  65  12:28  Overlord x2  
  47  13:09  Mutalisk  
  47  13:10  Mutalisk x5  
  53  13:32  Mutalisk x3  
Tags
 
Add a new tag
Caveats
  • Supply blocks, unpowered buildings, or Contaminate may cause inaccurate times.
  • Supply counts are checked every 10 seconds.